Map: Rhoskallian LE

Players

Pudse - Winner!

  • Race: Terran Terran
  • Spawn Location: 11:00

SpaCeFrogger - Winner!

  • Race: Zerg Zerg
  • Spawn Location: 12:00

Ekelpack

  • Race: Zerg Zerg
  • Spawn Location: 6:00

Nyck

  • Race: Terran Terran
  • Spawn Location: 5:00

VOD

Have the link to the VOD?

Description

Time

  • Played on: April 1, 2025, 2:44 p.m.
  • Length: 17:40
Show
View Real Time Build Order
Export as new Build Order

Pudse Terran - Winner!

Build Orders: Liberator Opening 

Get SALT Encoding   

  12  0:02  SCV  
  13  0:14  SCV  
  13  0:19  Supply Depot  
  14  0:26  SCV  
  15  0:40  SCV  
  16  0:46  Barracks  
  16  0:53  Supply Depot, SCV  
  17  1:08  SCV  
  18  1:13  Refinery  
  18  1:21  SCV  
  19  1:33  Orbital Command  
  19  1:34  Marine  
  20  1:51  Command Center  
  20  1:54  Marine  
  20  1:58  SCV  
  22  2:10  SCV  
  23  2:19  Refinery  
  23  2:22  Factory  
  23  2:35  Marine  
  24  2:47  SCV  
  24  2:50  Bunker  
  25  2:53  Marine  
  26  2:59  SCV  
  27  3:06  Starport  
  27  3:07  Factory Tech Lab  
  27  3:20  SCV  
  28  3:29  Orbital Command  
  28  3:32  Siege Tank  
  31  3:39  Marine  
  32  3:47  SCV  
  33  3:51  Liberator  
  36  3:59  SCV x2  
  36  4:02  Refinery  
  38  4:06  Supply Depot  
  38  4:10  Factory  
  38  4:11  SCV  
  39  4:38  Starport Reactor  
  39  4:41  Siege Tank  
  42  4:48  Marine  
  43  5:00  Factory Tech Lab  
  43  5:13  Siege Tank  
  40  5:34  Siege Tank  
  40  5:35  Marine  
  42  5:46  Liberator  
  42  5:53  Marine  
  42  5:55  Siege Tank  
  46  6:16  Liberator  
  49  6:49  SCV x2  
  51  7:00  Supply Depot  
  51  7:01  SCV x2  
  51  7:02  Supply Depot  
  51  7:07  Engineering Bay, Armory  
  51  7:08  Armory  
  52  7:32  Siege Tank x2  
  58  7:51  SCV  
  58  7:52  SCV  
  58  7:53  Refinery  
  60  7:59  Command Center  
  60  8:03  SCV  
  60  8:04  SCV  
  59  8:16  Liberator x2  
  59  8:19  Siege Tank  
  68  8:34  SCV x2  
  70  9:09  Factory  
  70  9:10  SCV x2, Factory, Siege Tank  
  75  9:17  Terran Vehicle Weapons Level 1  
  75  9:18  Terran Vehicle And Ship Armor Level 1, Hi-Sec Auto Tracking  
  75  9:23  SCV x2  
  74  10:05  Thor  
  80  10:08  Factory Tech Lab  
  80  10:09  Factory Reactor  
  80  10:13  Supply Depot x3  
  80  10:16  Supply Depot  
  80  10:31  Thor  
  77  10:39  Siege Tank  
  74  10:48  Siege Tank  
  77  11:12  Siege Tank  
  80  11:20  Siege Tank  
  80  11:21  Siege Tank, Hellion  
  80  11:22  Hellion  
  90  11:43  Hellion  
  89  12:01  Siege Tank, Thor  
  89  12:02  Siege Tank  
  101  12:29  Hellion x2  
  105  12:33  Siege Tank, Thor  
  112  12:44  Hellion  
  112  12:47  SCV  
  112  12:48  SCV x2  
  117  12:57  Hellion x2  
  117  13:08  Planetary Fortress  
  117  14:30  Supply Depot x3  
  117  14:31  Supply Depot  
  117  14:33  Supply Depot  
  117  14:34  Refinery  
  117  14:51  SCV x2, Liberator x2, Siege Tank  
  117  14:52  SCV, Hellion x3, Siege Tank  
  135  15:00  Refinery  
  135  15:03  SCV x2  
  135  15:04  SCV  
  138  15:07  Terran Vehicle Weapons Level 2, Terran Vehicle And Ship Armor Level 2  
  138  15:13  Hellion  
  140  15:15  SCV  
  140  15:16  SCV  
  142  15:28  SCV  
  143  15:34  Liberator x2  
  149  15:40  SCV  
  148  15:46  Command Center  
  148  16:17  Liberator x2  
  151  16:57  Siege Tank  
  151  16:58  Siege Tank, Hellion x2  
  170  17:03  Supply Depot  
  170  17:05  Supply Depot x2  
  170  17:06  Supply Depot  
  170  17:08  Supply Depot  
  170  17:12  Refinery  
Show
View Real Time Build Order
Export as new Build Order

SpaCeFrogger Zerg - Winner!

Build Orders: Hatch First, Lurkers 

Get SALT Encoding   

  12  0:09  Drone  
  12  0:12  Overlord  
  13  0:18  Drone  
  14  0:31  Drone  
  15  0:48  Hatchery  
  14  0:53  Drone  
  15  1:05  Spawning Pool  
  15  1:08  Drone  
  15  1:12  Drone  
  16  1:18  Drone  
  16  1:23  Drone  
  18  1:30  Drone  
  18  1:31  Extractor  
  18  1:44  Drone  
  19  1:53  Queen  
  21  1:55  Drone  
  21  2:00  Queen  
  25  2:01  Drone  
  25  2:07  Drone  
  26  2:13  Drone  
  26  2:14  Drone  
  28  2:22  Overlord  
  28  2:29  Roach Warren  
  27  2:31  Extractor  
  27  2:33  Extractor  
  27  2:34  Extractor  
  27  2:35  Drone  
  27  2:36  Drone  
  27  2:37  Drone  
  27  2:45  Drone x2  
  29  2:54  Overlord  
  29  2:57  Drone  
  30  3:13  Drone x5, Evolution Chamber  
  30  3:14  Drone  
  30  3:16  Drone  
  36  3:23  Queen  
  38  3:36  Drone  
  38  3:37  Overlord  
  38  3:38  Drone x2  
  41  3:41  Roach  
  41  3:46  Zerg Missile Weapons Level 1  
  43  3:58  Drone x6  
  49  4:11  Lair  
  49  4:14  Hatchery  
  49  4:15  Roach  
  49  4:16  Overlord  
  50  4:50  Roach x5  
  50  4:52  Spore Crawler, Overlord x2  
  59  5:07  Overlord x3  
  59  5:17  Roach x6  
  71  5:23  Glial Reconstitution  
  71  5:38  Roach x4  
  78  5:48  Metabolic Boost  
  78  5:55  Roach x5  
  88  6:03  Roach x3  
  70  6:26  Roach x5  
  70  6:47  Zerg Ground Armor Level 1  
  70  6:48  Hatchery  
  70  6:50  Queen  
  72  6:54  Drone x6  
  77  7:05  Overlord x3  
  78  7:22  Drone  
  78  7:23  Drone x2  
  78  7:29  Overlord x2  
  80  7:30  Overlord  
  80  7:38  Drone x2  
  80  7:40  Hydralisk Den  
  80  7:42  Drone x6  
  87  7:56  Drone x2  
  89  8:10  Infestation Pit  
  89  8:12  Hatchery  
  88  8:20  Lurker Den  
  88  8:22  Drone  
  88  8:24  Drone x3  
  88  8:25  Drone  
  92  8:31  Spine Crawler  
  92  8:32  Queen  
  92  8:33  Spine Crawler, Extractor x2  
  90  8:38  Spore Crawler  
  90  8:40  Spore Crawler  
  88  8:41  Spore Crawler  
  87  8:53  Spore Crawler  
  86  8:58  Zerg Missile Weapons Level 2  
  86  9:07  Drone, Spore Crawler, Evolution Chamber  
  86  9:10  Drone x7  
  92  9:18  Hydralisk x6  
  104  9:34  Queen  
  104  9:37  Hydralisk x2, Roach x4  
  104  9:38  Hydralisk x2  
  120  9:43  Queen  
  120  9:44  Overlord x2  
  120  9:45  Spine Crawler, Hatchery, Overlord x2  
  123  9:51  Drone  
  123  9:52  Drone  
  124  9:53  Hydralisk x3  
  130  10:04  Muscular Augments  
  130  10:06  Zerg Ground Armor Level 2  
  130  10:10  Drone x2  
  130  10:13  Drone x2  
  134  10:19  Overseer  
  134  10:22  Pneumatized Carapace  
  134  10:26  Lurker  
  134  10:27  Lurker x3  
  138  10:34  Roach  
  138  10:35  Roach x3  
  124  10:59  Roach x12  
  124  11:00  Roach x2  
  136  11:07  Grooved Spines  
  136  11:11  Roach x6  
  133  11:23  Zergling x16  
  141  11:26  Drone x2  
  143  11:46  Zergling x20  
  153  11:54  Hydralisk x3  
  153  11:55  Hydralisk x2  
  153  11:58  Spine Crawler  
  153  11:59  Spine Crawler  
  161  12:04  Zergling x18  
  122  12:32  Roach x3  
  122  12:33  Roach x15  
  131  12:39  Roach x3  
  137  12:46  Drone x5  
  142  12:59  Zerg Melee Weapons Level 1  
  142  13:05  Infestation Pit  
  141  13:10  Drone x6  
  147  13:14  Hatchery  
  146  13:22  Hydralisk x2  
  146  13:23  Hydralisk x3  
  146  13:25  Overlord  
  156  13:38  Zergling x2  
  156  13:39  Zergling x24  
  169  13:46  Overlord  
  169  13:47  Overlord  
  169  13:51  Hydralisk x3  
  163  14:24  Zergling x2  
  163  14:25  Zergling x28  
  173  14:48  Zergling x10  
  173  14:49  Zergling x12  
  177  15:00  Roach x7  
  150  15:32  Zergling x36  
  154  15:53  Spire  
  153  15:59  Extractor  
  153  16:02  Hive, Extractor  
  151  16:06  Swarm Host x11  
  151  16:07  Swarm Host  
Show
View Real Time Build Order
Export as new Build Order

Ekelpack Zerg 

Build Orders: Hatch First, Roach Hydra 

Get SALT Encoding   

  12  0:00  Drone  
  13  0:13  Overlord  
  13  0:18  Drone  
  14  0:31  Drone  
  14  0:32  Drone  
  16  0:35  Drone  
  17  0:52  Hatchery  
  16  0:57  Drone, Extractor  
  16  1:00  Drone  
  17  1:16  Spawning Pool  
  17  1:17  Drone  
  17  1:22  Drone  
  18  1:29  Drone  
  19  1:40  Drone  
  20  1:54  Drone  
  21  2:01  Drone  
  21  2:03  Queen  
  21  2:05  Queen  
  26  2:19  Roach Warren  
  26  2:20  Drone  
  26  2:25  Overlord  
  26  2:29  Drone  
  27  2:31  Drone  
  28  2:42  Lair  
  28  2:48  Drone x2  
  28  2:51  Drone  
  31  2:54  Extractor  
  30  3:01  Drone  
  30  3:04  Overlord  
  31  3:07  Roach x2  
  35  3:19  Drone  
  36  3:21  Overlord  
  36  3:23  Drone x2  
  36  3:24  Drone  
  36  3:25  Roach  
  41  3:33  Drone x2, Evolution Chamber  
  42  3:45  Glial Reconstitution  
  42  3:50  Overlord  
  42  3:52  Roach x3  
  48  3:58  Zerg Missile Weapons Level 1  
  48  4:00  Roach  
  48  4:02  Roach  
  52  4:11  Roach x3  
  58  4:24  Extractor  
  58  4:27  Extractor  
  58  4:28  Drone x4  
  60  4:33  Overlord  
  60  4:57  Hydralisk Den  
  60  4:58  Drone x4  
  60  4:59  Drone, Overlord  
  61  5:17  Spore Crawler  
  61  5:19  Queen  
  53  5:34  Spore Crawler  
  42  5:47  Hydralisk x5  
  42  5:48  Hydralisk x4  
  48  6:23  Drone x3  
  49  6:35  Drone  
  49  6:36  Grooved Spines  
  49  6:39  Drone x5  
  55  6:54  Drone  
  56  7:05  Spore Crawler  
  56  7:07  Spore Crawler  
  54  7:08  Drone x2  
  54  7:09  Drone x2  
  58  7:17  Drone x4  
  58  7:21  Zerg Missile Weapons Level 2  
  62  7:26  Muscular Augments  
  62  7:38  Queen  
  64  7:51  Hydralisk x5  
  64  7:52  Hydralisk  
  74  8:09  Overlord x2  
  70  8:34  Drone  
  70  8:58  Hydralisk  
  70  8:59  Hydralisk x7  
  70  9:00  Hydralisk x3  
  70  9:01  Overlord x2  
  92  9:05  Overlord  
  92  9:19  Overlord x2  
  92  9:37  Zerg Ground Armor Level 1  
  89  9:54  Pneumatized Carapace  
  89  9:58  Roach x5  
  89  9:59  Roach x7  
  113  10:32  Hatchery  
  80  10:46  Hydralisk x3  
  80  10:47  Hydralisk x4  
  86  10:53  Overseer  
  86  10:54  Overseer x2  
  82  11:18  Roach x3  
  82  11:19  Roach x3  
  90  11:40  Hydralisk x5  
  90  11:43  Zerg Ground Armor Level 2  
  90  11:46  Drone  
  101  11:48  Drone  
  90  12:06  Hydralisk x3  
  90  12:07  Hydralisk  
  98  12:10  Drone  
  95  12:29  Hydralisk x4  
  77  12:47  Hydralisk x4  
  77  12:51  Drone  
  86  13:13  Drone  
  86  13:14  Drone x6  
  86  13:15  Drone x4  
  97  13:48  Extractor  
  96  13:50  Extractor  
  86  14:24  Hydralisk x6  
  84  14:25  Hydralisk x6  
  84  14:28  Overlord x2  
  108  14:40  Overseer  
  106  14:48  Hatchery  
  106  14:49  Extractor  
  100  14:54  Extractor  
  68  15:37  Hydralisk x3  
  68  15:38  Hydralisk x7  
  68  15:39  Hydralisk x2  
  88  16:04  Hydralisk x4  
  94  16:26  Overseer x3  
  94  16:45  Hydralisk x2  
  94  16:46  Hydralisk x7  
  94  16:47  Hydralisk x2  
Show
View Real Time Build Order
Export as new Build Order

Nyck Terran 

Build Orders: 2 Factory, Mech 

Get SALT Encoding   

  12  0:00  SCV  
  13  0:13  SCV  
  14  0:20  Supply Depot  
  14  0:25  SCV  
  15  0:41  SCV  
  16  0:43  Barracks  
  16  0:54  SCV, Refinery  
  16  0:56  Refinery  
  17  1:05  Supply Depot  
  17  1:07  SCV  
  18  1:23  SCV  
  19  1:36  Orbital Command  
  19  1:40  Factory  
  19  1:47  Barracks Tech Lab  
  19  2:01  SCV  
  19  2:07  Factory  
  20  2:13  SCV  
  21  2:19  Barracks Reactor  
  22  2:30  SCV  
  22  2:37  Siege Tank  
  25  2:42  SCV  
  26  2:46  Supply Depot  
  26  2:54  Factory  
  26  3:00  SCV  
  27  3:12  SCV  
  28  3:14  Infernal Pre-Igniter  
  28  3:17  Hellion x2  
  32  3:24  SCV  
  33  3:31  Supply Depot  
  35  3:36  Siege Tank  
  35  3:38  Hellion  
  38  3:44  SCV  
  39  3:53  Hellion x2  
  39  3:54  Supply Depot  
  43  4:02  Hellion  
  45  4:08  SCV  
  46  4:16  Supply Depot  
  49  4:21  Hellion  
  52  4:24  Hellion  
  52  4:25  Hellion  
  52  4:27  Hellion  
  54  4:41  SCV  
  55  4:47  Command Center  
  55  4:54  Siege Tank  
  55  4:59  Factory Tech Lab  
  58  5:02  Factory Tech Lab  
  58  5:43  Cyclone  
  58  5:48  SCV  
  62  5:54  Supply Depot  
  62  5:55  Cyclone x2  
  68  5:59  Armory  
  51  6:35  SCV  
  51  6:36  Orbital Command  
  52  6:47  Supply Depot, SCV  
  53  7:01  Siege Tank  
  53  7:02  Siege Tank x2  
  62  7:11  Command Center  
  62  7:12  SCV x2  
  64  7:19  Supply Depot  
  58  7:38  SCV x2  
  59  7:50  SCV x2, Cyclone x2  
  59  7:51  Cyclone  
  63  8:15  SCV x2  
  65  8:22  Cyclone  
  65  8:23  Cyclone  
  69  8:45  SCV  
  69  8:46  SCV  
  69  8:47  Orbital Command  
  63  8:55  Hellbat  
  65  8:56  Hellbat x2  
  69  9:04  SCV x2  
  71  9:11  Terran Vehicle And Ship Armor Level 1  
  71  9:21  SCV x3  
  74  9:24  Refinery  
  74  9:32  Siege Tank  
  74  9:33  SCV x3  
  80  9:48  Hellion x2  
  84  9:53  SCV  
  84  9:54  SCV x2  
  87  10:05  SCV, Hellion  
  90  10:10  Hellion x2  
  90  10:11  SCV x2  
  96  10:18  SCV  
  97  10:26  Hellion  
  99  10:31  Hellion x2  
  103  10:47  Hellion  
  96  10:52  Hellion  
  96  10:53  Hellion  
  98  11:09  Hellion  
  100  11:14  Hellion x2  
  104  11:30  Hellion  
  106  11:35  Refinery, Hellion x2  
  110  11:48  Command Center  
  110  11:52  Siege Tank  
  113  11:56  Siege Tank x2  
  116  12:21  Command Center  
  89  12:24  Thor  
  89  12:28  Thor  
  70  12:42  Siege Tank  
  67  12:57  Terran Vehicle And Ship Armor Level 2  
  67  13:00  Armory  
  67  13:08  Factory  
  67  13:13  SCV x3  
  67  13:14  SCV  
  71  13:20  Refinery  
  71  13:24  Refinery  
  71  13:29  Refinery  
  71  13:31  Refinery  
  71  13:42  SCV x2, Engineering Bay  
  73  13:50  Siege Tank  
  73  13:51  Siege Tank x2  
  73  13:53  Factory  
  82  14:22  SCV x2  
  82  14:23  Orbital Command, Siege Tank x2  
  90  14:26  Planetary Fortress  
  90  14:30  Refinery  
  90  14:31  Refinery  
  69  14:47  SCV x3  
  69  14:52  SCV  
  73  14:54  Factory Tech Lab x2  
  73  14:57  Thor  
  78  15:00  Hellion x2  
  74  15:17  Hellion x2  
  80  15:21  Hellion  
  80  15:22  Hellion  
  79  15:38  Hellion  
  79  15:39  Hellion  
  79  15:41  Hellion  
  133  15:42  Hellion, Neosteel Armor  
  86  15:43  Hellion  
  88  15:50  Mag-Field Accelerator  
  88  15:57  Factory  
  88  16:00  Hellion x2  
  88  16:02  Hellion  
  88  16:03  SCV x3  
  99  16:04  Hellion x2  
  99  16:06  SCV  
  86  16:47  Thor x2  
  86  16:48  Thor  
  86  16:50  Hellion x3  
  110  17:11  Hellion x3  
Tags
 
Add a new tag
Caveats
  • Supply blocks, unpowered buildings, or Contaminate may cause inaccurate times.
  • Supply counts are checked every 10 seconds.